 Dungeon Sprint DCSS version 0.21.1-1-g345015f (webtiles) character file.

126 Psiloshibe the Fighter (level 5, 0/51 HPs)
             Began as a Barachi Berserker on May 28, 2018.
             Was a Priest of Trog.
             Slain by a two-headed ogre
             ... wielding a +0 giant spiked club
              (19 damage)
             ... in the Dungeon (Sprint IX: "|||||||||||||||||||||||||||||").
             The game lasted 00:02:15 (192 turns).

Psiloshibe the Fighter (Barachi Berserker)           Turns: 192, Time: 00:02:16

Health: 0/51       AC: 14    Str: 18    XL:     5   Next: 10%
Magic:  5/5        EV:  9    Int:  8    God:    Trog [***...]
Gold:   0          SH:  0    Dex: 15    Spells: 4/4 levels left

rFire    . . .     SeeInvis .   a - +2 scimitar (drain)
rCold    . . .     Gourm    .   (no shield)
rNeg     . . .     Faith    .   r - +1 chain mail
rPois    .         Spirit   .   p - +0 helmet
rElec    .         Reflect  .   q - +0 cloak
rCorr    .         Harm     .   (no gloves)
MR       ++...     NoTele   +   (no boots)
Stlth    ..........             (no amulet)
HPRegen  1.17/turn              s - +3 ring of dexterity
MPRegen  0.09/turn              t - +2 ring of protection

@: can't hop, regenerating, slow
A: +LOS, swims, slowness 1, strong legs 1
a: Hop, Berserk, Trog's Hand, Burn Spellbooks, Renounce Religion


You were in the Dungeon.
You worshipped Trog.
Trog was most pleased with you.
You were not hungry.

You visited 1 branch

Inventory:

Hand Weapons
 a - a +2 scimitar of draining (weapon)
 b - a +2 morningstar of protection
Armour
 p - a +0 helmet (worn)
 q - a +0 cloak (worn)
 r - a +1 chain mail (worn)
Jewellery
 s - a +3 ring of dexterity (left hand)
 t - a +2 ring of protection (right hand)
Wands
 n - a wand of iceblast (8)
Scrolls
 i - 2 scrolls of blinking
 m - 3 scrolls of remove curse
Potions
 d - 5 potions of curing
 e - 3 potions of heal wounds
 f - a potion of haste
 g - 4 potions of magic
 h - a potion of berserk rage
 l - a potion of invisibility
Comestibles
 c - a ration
 j - 3 chunks of flesh


   Skills:
 * Level 8.4 Fighting
 + Level 8.2 Long Blades
 * Level 4.3 Armour
 + Level 3.4 Dodging


You had 4 spell levels left.
You didn't know any spells.

Dungeon Overview and Level Annotations

Branches:
Dungeon (1/1)

Altars:
Cheibriados
Dithmenos
Elyvilon
Fedhas
Gozag
Hepliaklqana
Kikubaaqudgha
Makhleb
Nemelex Xobeh
Okawaru
Qazlal
Ru
Sif Muna
Trog
Uskayaw
Vehumet
Wu Jian
Xom
Yredelemnul
Zin
The Shining One
Beogh
Jiyva
Lugonu


Innate Abilities, Weirdness & Mutations

Shadows flee at your approach. (+LOS)
You can swim through water.
You cover ground slowly.
You can hop short distances.


Message History

Items here: ))))) a +0 falchion; a +4 quarterstaff of speed; a +2 halberd of protection a +3 war axe of freezing the +2 rapier of Moderation {protect, *Slow +Rage rElec} You see here an uncursed staff of energy.
There's nothing to close nearby.
Evoke which item? (* to show all) (? for menu, Esc to quit)
Aiming: Iceblast
Press: ? - help, Shift-Dir - straight line, f/p - two-headed ogre
Aim: a two-headed ogre, wielding a giant spiked club and a giant club (moderately wounded)
The mass of ice explodes!
The iceblast engulfs the two-headed ogre.
The two-headed ogre is heavily wounded.
Your chain mail prevents you from hitting the two-headed ogre.
The two-headed ogre is heavily wounded.
The two-headed ogre misses you. The two-headed ogre barely misses you.
Your chain mail prevents you from hitting the two-headed ogre.
The two-headed ogre is heavily wounded.
The two-headed ogre hits you with a giant spiked club!!
You die...

▓_▓
▓_▓
▓_▓
▓_▓
▓_▓
▓'▓
▓.▓
▓?▓
▓@▓
▓O▓
▓c▓
▓Z▓
▓T▓
▓.▓
▓H▓
▓†▓
▓.▓


You could see a two-headed ogre, a hippogriff, a troll, a centaur and an adder
zombie.

Vanquished Creatures
  A crimson imp (D)
  2 hounds (D)
  An orc wizard (D)
  A worm (D)
  A ball python (D)
  A jackal (D)
  A bat (D)
  3 frilled lizards (D)
11 creatures vanquished.

Vanquished Creatures (others)
  A spatial maelstrom (D)
1 creature vanquished.

Grand Total: 12 creatures vanquished

Notes
Turn   | Place    | Note
-------+----------+-------------------------------------------
     0 | D        | Psiloshibe the Barachi Berserker began the quest for the Orb.
     0 | D        | Reached XP level 1. HP: 18/18 MP: 1/1
     9 | D        | Reached ** piety under Trog
    13 | D        | Banished a spatial maelstrom
    49 | D        | Noticed an orc wizard
    49 | D        | Noticed a hound
    49 | D        | Noticed a crimson imp
    54 | D        | Killed an orc wizard
    54 | D        | Reached *** piety under Trog
    54 | D        | Reached skill level 5 in Fighting
    54 | D        | Reached skill level 5 in Long Blades
    54 | D        | Reached XP level 2. HP: 28/28 MP: 2/2
    54 | D        | Reached XP level 3. HP: 34/34 MP: 3/3
    58 | D        | Reached XP level 4. HP: 41/41 MP: 4/4
    67 | D        | Received a gift from Trog
   102 | D        | Found a roughly hewn altar of Beogh.
   102 | D        | Found a snail-covered altar of Cheibriados.
   102 | D        | Found a shadowy altar of Dithmenos.
   102 | D        | Found a white marble altar of Elyvilon.
   102 | D        | Found a blossoming altar of Fedhas.
   102 | D        | Found an opulent altar of Gozag.
   102 | D        | Found a hazy altar of Hepliaklqana.
   103 | D        | Found a viscous altar of Jiyva.
   104 | D        | Found an ancient bone altar of Kikubaaqudgha.
   105 | D        | Found a corrupted altar of Lugonu.
   106 | D        | Found a burning altar of Makhleb.
   107 | D        | Found a sparkling altar of Nemelex Xobeh.
   108 | D        | Found an iron altar of Okawaru.
   109 | D        | Found a stormy altar of Qazlal.
   110 | D        | Found a sacrificial altar of Ru.
   111 | D        | Found a deep blue altar of Sif Muna.
   112 | D        | Found a bloodstained altar of Trog.
   113 | D        | Found a hide-covered altar of Uskayaw.
   114 | D        | Found a radiant altar of Vehumet.
   115 | D        | Found an ornate altar of the Wu Jian Council.
   116 | D        | Found a shimmering altar of Xom.
   117 | D        | Found a basalt altar of Yredelemnul.
   118 | D        | Found a glowing silver altar of Zin.
   119 | D        | Found a glowing golden altar of the Shining One.
   177 | D        | Noticed a centaur
   177 | D        | Noticed a two-headed ogre
   177 | D        | Noticed a troll
   177 | D        | Noticed a hippogriff
   182 | D        | Reached XP level 5. HP: 51/51 MP: 5/5
   192 | D        | Slain by a two-headed ogre

Skill      XL: |  1  2  3  4 |
---------------+-------------+-----
Fighting       | 5 6 8 |  8.4
Long Blades    | 5 6 8 |  8.2
Armour         | 3 4 |  4.3
Dodging        | 3 |  3.4

Action                   |  1- 3 |  4- 6 || total
-------------------------+-------+-------++-------
Melee: Falchion          |    19 |     8 ||    27
       Scimitar          |       |     6 ||     6
Throw: Javelin           |       |     2 ||     2
Invok: Trog's Hand       |     1 |     1 ||     2
       Berserk           |     1 |       ||     1
 Abil: Hop               |       |     1 ||     1
Evoke: Wand              |       |     2 ||     2
Armor: Animal skin       |     4 |     1 ||     5
       Chain mail        |       |     4 ||     4
Dodge: Dodged            |    12 |    10 ||    22
       Rpst.: Falchion   |     3 |     1 ||     4
